 Dungeon Crawl Stone Soup version 0.31-a0-819-gf6de2f5ab6 (webtiles) character file.

Game seed: 4367698348408672505

183 qw the Shooter (level 5, -2/33 HPs)
             Began as a Gargoyle Hunter on Sept 23, 2023.
             Slain by an iguana (12 damage)
             ... on level 5 of the Dungeon.
             The game lasted 00:00:53 (3001 turns).

qw the Shooter (Gargoyle Hunter)                    Turns: 3001, Time: 00:00:54

Health: -2/33      AC:  7    Str: 15    XL:     5   Next: 62%
Magic:  5/5        EV: 11    Int:  9    God:
Gold:   197        SH:  0    Dex: 15    Spells: 4/4 levels left

rFire   . . .        d - +0 shortbow (heavy)
rCold   . . .        (shield currently unavailable)
rNeg    + . .        c - +0 leather armour
rPois   inf          (no helmet)
rElec   +            (no cloak)
rCorr   .            (no gloves)
SInv    .            (no boots)
Will    .....        (no amulet)
Stlth   ++           (no ring)
HPRegen 0.25/turn    (no ring)
MPRegen 0.09/turn

%: no passive effects
@: no status effects
A: sickness immunity, AC +4, negative energy resistance 1, electricity
resistance, torment resistance 1, petrification resistance
a: no special abilities


You were on level 5 of the Dungeon.
You visited 1 branch of the dungeon, and saw 5 of its levels.

You collected 197 gold pieces.


Innate Abilities, Weirdness & Mutations

You are immune to sickness and miasma.
Your stone body is resilient. (AC +4)
You are immune to poison.
You resist negative energy. (rN+)
You are resistant to electric shocks. (rElec)
You are resistant to unholy torment.
You are immune to petrification.


   Skills:
 + Level 3.6 Fighting
 - Level 6.1 Ranged Weapons
 - Level 1.5 Dodging
 - Level 1.1 Stealth


You had 4 spell levels left.
You didn't know any spells.
Your spell library was empty.

Inventory:

Hand Weapons
 d - a +0 heavy shortbow (weapon)
Armour
 c - a +0 leather armour (worn)
Scrolls
 a - a scroll of identify
 i - 4 scrolls of teleportation
Potions
 b - a potion of might
 e - 2 potions of curing
 f - a potion of ambrosia {unknown}
 h - a potion of haste {unknown}

Dungeon Overview and Level Annotations

Branches:
Dungeon (5/15)
 Temple: D:4-7

Altars:

Annotations:
D:3 3 runed translucent doors, qw's ghost, weakling GrHu
D:4 2 runed translucent doors


Message History

There is an escape hatch in the floor here.
Things that are here:
a +0 short sword; 2 stones; a kobold skeleton
There is an open door here.
Could not explore, unopened runed door.
2956 ||| READING scroll labelled RIDOHA UXUTU.
As you read the scroll labelled RIDOHA UXUTU, it crumbles to dust.
It is a scroll of enchant weapon.
Could not explore, unopened runed door.
What level of the Dungeon? (default 4, ? - help)
There is an open door here.
There is a stone staircase leading down here.
You climb downwards.
There is a stone staircase leading up here.
Waypoint 4 assigned to D:5.
Found a stone staircase leading down.
Found a stone staircase leading up.
An iguana comes into view.
You shoot an arrow.
The arrow hits the iguana but does no damage.
You shoot an arrow. The arrow closely misses the iguana.
You shoot an arrow. The arrow closely misses the iguana.
You shoot an arrow. The arrow completely misses the iguana.
The iguana bites you. x2
You shoot an arrow. The arrow hits the iguana.
The iguana is moderately wounded.
The iguana barely misses you. The iguana bites you!
You shoot an arrow. The arrow completely misses the iguana.
The iguana bites you.
You shoot an arrow.
The arrow hits the iguana but does no damage.
The iguana is moderately wounded.
The iguana completely misses you. The iguana barely misses you.
You shoot an arrow. The arrow hits the iguana.
The iguana is moderately wounded.
The iguana bites you but does no damage.
The iguana bites you.
You shoot an arrow. The arrow barely misses the iguana.
The iguana bites you!
You die...

... ..# #.# #.# #.#
####.# . ##.##.# ..P
####...#.########.}.PP
+>............@l......
####...#.##.....#....#
##<##<##.....# .##
#........7PP##
#.###.##.P..# ..
#.##.##... #..
..##.###### #.. ####.#
##. #.#


You could see an iguana.

Vanquished Creatures
  A jelly (D:4)
  2 iguanas (D:4)
  3 gnolls (D:2)
  2 adders
  3 dart slugs
  2 orcs
  5 endoplasms
  3 giant cockroaches
  5 hobgoblins
  4 jackals (D:4)
  9 kobolds
  6 ball pythons
  2 frilled lizards
  A goblin (D:2)
  A rat (D:2)
49 creatures vanquished.

Notes
Turn   | Place    | Note
-------+----------+-------------------------------------------
     0 | D:1      | qw the Gargoyle Hunter began the quest for the Orb.
     0 | D:1      | Reached XP level 1. HP: 12/12 MP: 1/1
     0 | D:1      | 0 ||| qw: Version: 0.3-a-83-gcd0e7d8
     0 | D:1      | 0 ||| qw: Game counter: 1482
     0 | D:1      | 0 ||| qw: Melee chars always use a shield: true
     0 | D:1      | 0 ||| qw: God list: Okawaru
     0 | D:1      | 0 ||| qw: Allow faded altars: false
     0 | D:1      | 0 ||| qw: Do Orc after clearing Dungeon:15 true
     0 | D:1      | 0 ||| qw: Do second Lair branch before Depths: true
     0 | D:1      | 0 ||| qw: Lair rune preference: random
     0 | D:1      | 0 ||| qw: Goals: Normal
     0 | D:1      | 0 ||| PLANNING D:1-11
   234 | D:1      | Reached XP level 2. HP: 17/17 MP: 2/2
   528 | D:1      | 528 ||| READING 2 scrolls labelled LAS BYNUAMM.
   529 | D:1      | 529 ||| READING scroll labelled KIMOTO AFAX.
   530 | D:1      | 530 ||| READING scroll labelled TIWEOMUNLO.
   531 | D:1      | 531 ||| DRINKING 2 fuming red potions.
   532 | D:1      | 532 ||| DRINKING 2 cyan potions.
   533 | D:1      | 533 ||| DRINKING 2 glowing cyan potions.
   534 | D:1      | 534 ||| DROPPING scroll of butterflies.
   535 | D:1      | 535 ||| DROPPING potion of attraction.
   536 | D:1      | 536 ||| DROPPING potion of invisibility.
   664 | D:2      | 664 ||| RETREEAATING.
   667 | D:2      | Reached skill level 5 in Ranged Weapons
   667 | D:2      | Reached XP level 3. HP: 21/21 MP: 3/3
   672 | D:2      | 672 ||| FLEEEEING.
   673 | D:2      | 673 ||| FLEEEEING.
   674 | D:2      | 674 ||| FLEEEEING.
   675 | D:2      | 675 ||| FLEEEEING.
   676 | D:2      | 676 ||| FLEEEEING.
   682 | D:2      | 682 ||| FLEEEEING.
   683 | D:2      | 683 ||| FLEEEEING.
   684 | D:2      | 684 ||| FLEEEEING.
   685 | D:2      | 685 ||| FLEEEEING.
   686 | D:2      | 686 ||| FLEEEEING.
   687 | D:2      | 687 ||| FLEEEEING.
   688 | D:2      | 688 ||| FLEEEEING.
   689 | D:2      | 689 ||| FLEEEEING.
   692 | D:2      | 692 ||| FLEEEEING.
   695 | D:2      | 695 ||| FLEEEEING.
   696 | D:2      | 696 ||| FLEEEEING.
   697 | D:2      | 697 ||| FLEEEEING.
   698 | D:2      | 698 ||| FLEEEEING.
   699 | D:2      | 699 ||| FLEEEEING.
   700 | D:2      | 700 ||| FLEEEEING.
   704 | D:2      | 704 ||| FLEEEEING.
   705 | D:2      | 705 ||| STAIRDANCE
   716 | D:1      | 716 ||| DROPPING +6 ring of intelligence.
   717 | D:1      | 717 ||| READING scroll labelled URAGIC COTIGO.
   718 | D:1      | 718 ||| READING scroll labelled KUEMMU OLLOMIN.
   728 | D:2      | 728 ||| STAIRDANCE
   827 | D:2      | Reached skill level 3 in Fighting
  1373 | D:2      | Reached XP level 4. HP: 28/28 MP: 4/4
  1392 | D:2      | 1392 ||| READING scroll labelled OCRIEC BAAZ.
  1419 | D:3      | Noticed qw's ghost (weakling GrHu)
  1419 | D:3      | Found a runed translucent gate.
  1419 | D:3      | Found a runed translucent gate.
  1419 | D:3      | Found a runed translucent gate.
  2175 | D:3      | 2175 ||| READING scroll labelled WIMUAM LUME.
  2176 | D:3      | 2176 ||| READING 3 scrolls of identify.
  2176 | D:3      | 2176 ||| IDENTIFYING orange potion
  2177 | D:3      | 2177 ||| READING 2 scrolls of identify.
  2177 | D:3      | 2177 ||| IDENTIFYING bubbling silvery potion
  2178 | D:3      | 2178 ||| DROPPING potion of brilliance.
  2204 | D:4      | Reached XP level 5. HP: 32/32 MP: 5/5
  2229 | D:4      | Found a large runed translucent door.
  2230 | D:4      | Found a large runed translucent door.
  2261 | D:4      | Reached skill level 6 in Ranged Weapons
  2567 | D:4      | 2567 ||| READING scroll of brand weapon.
  2567 | D:4      | 2567 ||| BRANDING +0 shortbow of flaming.
  2956 | D:4      | 2956 ||| READING scroll labelled RIDOHA UXUTU.
  2979 | D:5      | Entered Level 5 of the Dungeon
  3001 | D:5      | Slain by an iguana

Levels and vault maps discovered:
D:1:      lightli_arrival_quake, layout_basic, minmay_misc_feat_rugged
D:2:      layout_basic
D:3:      layout_basic, ebering_ghost_rock_garden, minmay_misc_feat_diagonals
D:4:      layout_basic, jmf_multi_god_temple2
D:5:      black_bear_nest_2, layout_loops_corners, kennysheep_slug_shrine,
          serial_demonic, serial_demonic_c, serial_demonic_a, serial_demonic_d,
          serial_demonic_e, serial_demonic_g, serial_shops,
          nicolae_shop_behind_doors

Skill      XL: |  1  2  3  4  5 |
---------------+----------------+-----
Ranged Weapons | 5 6 |  6.1
Fighting       | 3 |  3.6
Dodging        | |  1.5
Stealth        | |  1.1

Action                     |  1- 3 |  4- 6 || total
---------------------------+-------+-------++-------
   Fire: Shortbow          |    73 |    78 ||   151
    Use: Scroll            |     5 |     6 ||    11
         Potion            |     3 |       ||     3
 Armour: Leather armour    |    16 |    30 ||    46
  Dodge: Dodged            |    17 |    28 ||    45

Table legend:
 A = Non-vault XP
 B = Vault XP
 C = Vault XP percentage of total XP
 D = Non-vault monster count
 E = Vault monster count
 F = Vault count percentage of total count
                 A         B        C        D         E       F
            +---------+---------+-------+---------+---------+-------
      Total |     262 |       0 |   0.0 |      49 |       0 |   0.0
            +---------+---------+-------+---------+---------+-------
        D:1 |      18 |       0 |   0.0 |      11 |       0 |   0.0
        D:2 |      75 |       0 |   0.0 |      15 |       0 |   0.0
        D:3 |      35 |       0 |   0.0 |      10 |       0 |   0.0
        D:4 |     134 |       0 |   0.0 |      13 |       0 |   0.0
            +---------+---------+-------+---------+---------+-------
